 Dungeon Crawl Stone Soup version 0.17.2-1-ge4368a0 (webtiles) character file.

25952 HaroldButt the Devastator (level 12, -3/66 HPs)
             Began as a Deep Elf Conjurer on July 28, 2018.
             Was a High Priest of Vehumet.
             Slain by an orc warlord
             ... wielding a +0 great mace of protection
              (32 damage)
             ... on level 3 of the Orcish Mines on Aug 5, 2018.
             The game lasted 01:58:37 (11936 turns).

HaroldButt the Devastator (Deep Elf Conjurer)      Turns: 11936, Time: 01:58:40

Health: -3/66      AC:  8    Str:  5    XL:     12   Next: 94%
Magic:  15/27      EV: 17    Int: 25    God:    Vehumet [*****.]
Gold:   1506       SH:  0    Dex: 16    Spells: 8 memorised, 4 levels left

rFire  . . .     SeeInvis .     m - +2 short sword (elec)
rCold  . . .     Clarity  .     x - +1 robe {MR+}
rNeg   + . .     SustAt   .     (no shield)
rPois  .         Gourm    .     r - +2 helmet
rElec  +         Spirit   .     P - +0 cloak {MR+}
rCorr  .         Warding  .     z - +0 pair of gloves
rMut   .         Stasis   .     (no boots)
MR     +++..                    (no amulet)
Stlth  ++........               k - ring "Enusawag" {Wiz rElec rF- rN+}
                                K - ring of protection from fire

@: extremely resistant to hostile enchantments, unstealthy
A: no striking features
a: Renounce Religion


You were on level 3 of the Orcish Mines.
You worshipped Vehumet.
Vehumet was extremely pleased with you.
You were not hungry.

You visited 3 branches of the dungeon, and saw 15 of its levels.

You collected 1738 gold pieces.
You spent 232 gold pieces at shops.

Inventory:

Hand Weapons
 m - a +2 short sword of electrocution (weapon)
 t - the +0 hunting sling "Sarcophage" {freeze, Dex+3}
   (You found it on level 5 of the Dungeon)

   It causes projectiles fired from it to freeze those they strike, causing
   extra injury to most foes and up to half again as much damage against
   particularly susceptible opponents.
   They can also slow down cold-blooded creatures.
   It affects your dexterity (+3).
 w - a +1 whip of electrocution
Armour
 r - a +2 helmet (worn)
 u - a +1 leather armour of cold resistance
 x - a +1 robe of magic resistance (worn)
 z - a +0 pair of gloves (worn)
 I - a troll hide
 O - a mottled dragon hide
 P - a +0 cloak of magic resistance (worn)
Magical Staves
 y - an uncursed staff of earth
Jewellery
 h - a +4 ring of strength
 k - the ring "Enusawag" (right hand) {Wiz rElec rF- rN+}
   (You found it on level 10 of the Dungeon)

   [ring of wizardry]

   It improves your spell success rate.
   It makes you vulnerable to fire.
   It insulates you from electricity.
   It protects you from negative energy.
 q - an uncursed ring of sustain attributes
 G - an uncursed ring of teleportation
 H - an uncursed ring of fire
 J - an uncursed ring of see invisible
 K - a ring of protection from fire (left hand)
 N - an uncursed ring of ice
Wands
 a - a wand of random effects (34)
 f - a wand of digging (19)
 o - a wand of random effects (9)
 A - a wand of digging (4)
Scrolls
 l - a scroll of teleportation
 n - 3 scrolls of fear
 v - 6 scrolls of magic mapping
 D - 2 scrolls of remove curse
Potions
 d - a potion of magic
 g - 4 potions of curing
 i - 4 potions of invisibility
 s - a potion of cure mutation
 B - a potion of lignification {unknown}
 C - a potion of flight {unknown}
 F - 3 potions of haste
 L - a potion of brilliance {unknown}
Books
 b - a book of Conjurations

   Spells                             Type                      Level
   a - Magic Dart                     Conjuration                  1
   b - Searing Ray                    Conjuration                  2
   c - Dazzling Spray                 Conjuration/Hexes            3
   d - Fulminant Prism                Conjuration/Hexes            4
   e - Iskenderun's Mystic Blast      Conjuration                  4
   f - Iskenderun's Battlesphere      Conjuration/Charms           5
 j - a book of the Earth

   Spells                             Type                      Level
   a - Leda's Liquefaction            Hexes/Earth                  4
   b - Bolt of Magma                  Conjuration/Fire/Earth       5
   c - Statue Form                    Transmutation/Earth          6
   d - Iron Shot                      Conjuration/Earth            6
   e - Shatter                        Earth                        9
Comestibles
 c - 9 bread rations
 p - 7 meat rations


   Skills:
 - Level 4.0 Fighting
 - Level 4.2 Armour
 - Level 8.0 Dodging
 - Level 2.4 Stealth
 + Level 9.2 Spellcasting
 - Level 16.0 Conjurations
 - Level 12.1 Charms
 - Level 8.0 Earth Magic


You had 4 spell levels left.
You knew the following spells:

 Your Spells              Type           Power        Failure   Level  Hunger
a - Magic Dart            Conj           ####         0%          1    None
b - Searing Ray           Conj           ######       0%          2    None
c - Iskenderun's Mystic   Conj           ######..     1%          4    #......
d - Iskenderun's Battles  Conj/Chrm      ######..     1%          5    ####...
e - Freeze                Ice            ##..         1%          1    None
f - Ignite Poison         Fire/Trmt/Pois ##......     2%          3    None
g - Throw Icicle          Conj/Ice       ######..     1%          4    #......
h - Bolt of Magma         Conj/Fire/Erth ######....   1%          5    ####...


Dungeon Overview and Level Annotations

Branches:
Dungeon (11/15)            Temple (1/1) D:4            Lair (0/8) D:11
    Orc (3/4) D:11
    Elf: Orc:3-4

Altars:
Ashenzari
Cheibriados
Dithmenos
Elyvilon
Gozag
Kikubaaqudgha
Makhleb
Nemelex Xobeh
Okawaru
Ru
Sif Muna
Trog
Vehumet
Xom
Yredelemnul
The Shining One

Shops:
Orc:2 (   Orc:3 [?=*


Message History

The orb of energy hits the orc warlord.
The orc warlord is almost dead.
The orb of energy explodes!
Your battlesphere fires!
The barrage of energy hits the orc warlord.
The orc warlord is almost dead.
The orc warlord hits you with a great mace of protection!
Casting: Iskenderun's Mystic Blast
Confirm with . or Enter, or press ? or * to list all spells.
Aiming: Iskenderun's Mystic Blast
Press: ? - help, Shift-Dir - straight line, f/p - orc warlord
Aim: an orc warlord, wielding a great mace of protection and wearing a plate armour (almost dead)
The orb of energy hits the orc warlord.
The orc warlord is almost dead.
Your battlesphere fires!
The barrage of energy hits the orc warlord.
The orc warlord is almost dead.
Your battlesphere expends the last of its energy and dissipates.
The orc warlord hits you with a great mace of protection!!
You die...

#...###..............## #.
##.###...#..)........# .
##.##...........#..##
#..................##
##.....##...§........#
#........#o)..>.......#
#.....................#
##.......oo.......##.##
#.........@......## ## .##
##...............## ...#
#......#.........####...#
##.................#.....
#..........)..#'#.......∩
##.........#..'∩'....##
#.......##...#'#.(.##
#........##........#####
##.....#...##........##.###


You could see an orc warlord and 2 orcs.

Vanquished Creatures
  A hydra (D:11)
  Harold (Orc:3)
  Erica (D:9)
  Urug (Orc:2)
  Pikel (D:4)
  2 hill giants (D:10)
  An orc knight (Orc:2)
  2 orc sorcerers (Orc:3)
  2 ugly things
  A cyclops (Orc:3)
  Maurice (Orc:1)
  Joseph (D:7)
  Prince Ribbit (D:5)
  Psyche (D:9)
  A gargoyle (D:10)
  3 trolls
  Grinder (D:3)
  A two-headed ogre (D:10)
  Sigmund (D:2)
  A spriggan (D:8)
  11 yaks
  Eustachio (D:4)
  Grum (D:9)
  Menkaure (D:4)
  2 hungry ghosts
  2 wolves (D:8)
  8 swamp worms (D:10)
  A mottled dragon (D:11)
  3 ice beasts
  The ghost of hurricos the Cudgeler, an amateur OgWr of Okawaru (D:3)
  3 wargs
  A phantom (D:10)
  6 sky beasts
  18 orc warriors
  4 centaurs
  6 ogres
  3 necrophages
  3 giant frogs
  Blork the orc (D:5)
  4 scorpions
  A wyvern skeleton (D:8)
  4 killer bees (D:11)
  8 wights
  2 crimson imps
  A quasit (D:9)
  17 orc priests
  2 centaur skeletons
  Crazy Yiuf (D:3)
  3 jellies
  27 orc wizards
  2 giant frog skeletons (D:11)
  5 hounds
  16 worker ants
  Jessica (D:2)
  3 iguanas
  Natasha (thrice) (D:3)
  A sheep (Orc:3)
  4 hound skeletons
  Robin (D:2)
  3 worker ant zombies
  2 river rats (D:5)
  A shadow imp (D:8)
  7 adders
  15 worms
  6 giant geckos
  159 orcs
  2 ball pythons (D:5)
  7 giant cockroaches
  17 goblins
  7 hobgoblins
  13 jackals
  3 quokkas
  9 bats
  2 giant gecko skeletons
  5 giant newts
  5 kobolds
  3 quokka skeletons
  3 quokka zombies (D:6)
  10 rats
  2 plants (D:10)
488 creatures vanquished.

Vanquished Creatures (collateral kills)
  3 sheep (Orc:3)
3 creatures vanquished.

Vanquished Creatures (others)
  2 slaves (D:5)
  2 plants (D:10)
4 creatures vanquished.

Grand Total: 495 creatures vanquished

Notes
Turn   | Place    | Note
--------------------------------------------------------------
     0 | D:1      | HaroldButt the Deep Elf Conjurer began the quest for the Orb.
     0 | D:1      | Reached XP level 1. HP: 10/10 MP: 6/6
   145 | D:1      | Reached XP level 2. HP: 13/15 MP: 5/8
   223 | D:1      | Learned a level 2 spell: Searing Ray
   251 | D:1      | Reached skill level 5 in Conjurations
   556 | D:2      | Found a faded altar to an unknown god.
   593 | D:2      | Reached XP level 3. HP: 19/19 MP: 2/9
   872 | D:2      | Noticed Jessica
   879 | D:2      | Killed Jessica
   879 | D:2      | Reached skill level 6 in Conjurations
   879 | D:2      | Reached XP level 4. HP: 16/24 MP: 5/10
   905 | D:2      | Noticed Sigmund
   968 | D:3      | Found an iron altar of Okawaru.
  1002 | D:3      | Noticed Natasha
  1007 | D:3      | Killed Natasha
  1068 | D:3      | Learned a level 4 spell: Iskenderun's Mystic Blast
  1078 | D:3      | Noticed Grinder
  1080 | D:3      | Noticed Natasha
  1154 | D:2      | Noticed Robin
  1165 | D:2      | Killed Robin
  1229 | D:2      | Killed Sigmund
  1229 | D:2      | Reached skill level 8 in Conjurations
  1229 | D:2      | Reached XP level 5. HP: 24/28 MP: 2/11
  1229 | D:2      | Reached XP level 6. HP: 27/32 MP: 2/12
  1458 | D:3      | Killed Natasha
  1719 | D:3      | Paralysed by Grinder for 4 turns
  1731 | D:3      | Killed Grinder
  1731 | D:3      | Reached XP level 7. HP: 24/36 MP: 1/18
  1741 | D:3      | Learned a level 5 spell: Iskenderun's Battlesphere
  1854 | D:3      | Noticed hurricos's ghost (amateur OgWr)
  1862 | D:3      | Killed hurricos's ghost
  1914 | D:3      | Noticed Crazy Yiuf
  1917 | D:3      | Killed Crazy Yiuf
  2216 | D:4      | Found a staircase to the Ecumenical Temple.
  2222 | Temple   | Entered the Ecumenical Temple
  2235 | Temple   | Became a worshipper of Vehumet
  2287 | D:3      | Noticed Natasha
  2287 | D:3      | Killed Natasha
  2400 | D:4      | Noticed Menkaure
  2420 | D:4      | Killed Menkaure
  2420 | D:4      | Reached skill level 5 in Charms
  2707 | D:4      | Reached XP level 8. HP: 31/41 MP: 14/19
  2890 | D:4      | Noticed Eustachio
  2901 | D:4      | Killed Eustachio
  2947 | D:5      | Entered Level 5 of the Dungeon
  2947 | D:5      | Noticed Pikel
  2961 | D:4      | Killed Pikel
  2961 | D:4      | Reached skill level 10 in Charms
  3090 | D:5      | Reached skill level 11 in Charms
  3148 | D:5      | Gained mutation: You are clumsy. (Dex -2) [mutagenic meat]
  3149 | D:5      | Gained mutation: Your magical capacity is low (-10% MP). [mutagenic meat]
  3150 | D:5      | Gained mutation: You are partially covered in slimy green scales (AC +2). [mutagenic meat]
  3243 | D:5      | Noticed Prince Ribbit
  3246 | D:5      | Noticed Blork the orc
  3372 | D:5      | Killed Blork the orc
  3372 | D:5      | Reached skill level 12 in Charms
  3419 | D:5      | Got a steaming hunting sling
  3433 | D:5      | Killed Prince Ribbit
  3433 | D:5      | Reached XP level 9. HP: 32/45 MP: 4/18
  3531 | D:5      | Reached * piety under Vehumet
  3531 | D:5      | Offered knowledge of Freeze by Vehumet.
  3534 | D:5      | Learned a level 1 spell: Freeze
  4145 | D:6      | Reached skill level 10 in Conjurations
  4178 | D:6      | Found a bloodstained altar of Trog.
  4393 | D:6      | Reached ** piety under Vehumet
  4393 | D:6      | Offered knowledge of Throw Frost by Vehumet.
  4540 | D:6      | Found a sparkling altar of Nemelex Xobeh.
  4898 | D:7      | Noticed Joseph
  4904 | D:7      | Killed Joseph
  4983 | D:7      | Reached XP level 10. HP: 44/51 MP: 11/19
  5042 | D:7      | Reached skill level 1 in Fighting
  5197 | D:7      | Offered knowledge of Ignite Poison by Vehumet.
  5202 | D:7      | Learned a level 3 spell: Ignite Poison
  5247 | D:7      | Gained mutation: You are dopey. (Int -2) [potion of mutation]
  5247 | D:7      | Gained mutation: You evolve. [potion of mutation]
  5248 | D:7      | Gained mutation: Your magical capacity is very low (-20% MP). [potion of mutation]
  5248 | D:7      | Gained mutation: Your spells are a little harder to cast, but a little more powerful. [potion of mutation]
  5358 | D:7      | Gained mutation: Your natural rate of healing is unusually fast. [mutagenic meat]
  5359 | D:7      | Lost mutation: Your spells are a little harder to cast, but a little more powerful. [mutagenic meat]
  5629 | D:8      | Noticed a green ugly thing
  5639 | D:8      | Killed a green ugly thing
  5685 | D:8      | Found a white marble altar of Elyvilon.
  5704 | D:8      | Reached *** piety under Vehumet
  5861 | D:8      | Reached skill level 15 in Conjurations
  5861 | D:8      | Reached XP level 11. HP: 61/61 MP: 16/18
  5932 | D:8      | Lost mutation: You are dopey. (Int -2) [potion of cure mutation]
  5932 | D:8      | Lost mutation: You are partially covered in slimy green scales (AC +2). [potion of cure mutation]
  5932 | D:8      | Lost mutation: Your magical capacity is very low (-20% MP). [potion of cure mutation]
  5932 | D:8      | Lost mutation: You are clumsy. (Dex -2) [potion of cure mutation]
  5966 | D:8      | Reached skill level 1 in Armour
  6192 | D:8      | Offered knowledge of Sticky Flame by Vehumet.
  6286 | D:9      | Noticed Grum
  6440 | D:9      | Noticed Psyche
  6445 | D:9      | Killed Psyche
  6446 | D:9      | Noticed Erica
  6452 | D:9      | Killed Erica
  6476 | D:9      | Found a basalt altar of Yredelemnul.
  6512 | D:9      | Identified the cursed +0 hunting sling "Sarcophage" {freeze, Dex+3} (You found it on level 5 of the Dungeon)
  6617 | D:9      | Reached **** piety under Vehumet
  6865 | D:9      | Killed Grum
  7080 | D:9      | Reached skill level 5 in Dodging
  7089 | D:9      | Found a snail-covered altar of Cheibriados.
  7122 | D:10     | Entered Level 10 of the Dungeon
  7148 | D:10     | You fall through a shaft!
  7229 | D:10     | Offered knowledge of Throw Icicle by Vehumet.
  7383 | D:10     | HP: 2/61 [swamp worm (18)]
  7481 | D:10     | Lost mutation: Your natural rate of healing is unusually fast. [evolution]
  7969 | D:10     | Got a clouded platinum ring
  7987 | D:10     | Identified the ring "Enusawag" {Wiz rElec rF- rN+} (You found it on level 10 of the Dungeon)
  8059 | D:10     | Reached XP level 12. HP: 47/66 MP: 11/22
  8200 | D:10     | Noticed a hill giant
  8209 | D:10     | Killed a hill giant
  8305 | D:10     | Noticed a hill giant
  8310 | D:10     | Killed a hill giant
  8780 | D:11     | Gained mutation: You have a pair of small horns on your head. [mutagenic meat]
  8787 | D:11     | Lost mutation: You evolve. [potion of cure mutation]
  8787 | D:11     | Lost mutation: You have a pair of small horns on your head. [potion of cure mutation]
  8787 | D:11     | Lost mutation: Your magical capacity is low (-10% MP). [potion of cure mutation]
  8816 | D:11     | Noticed a seven-headed hydra
  8821 | D:11     | Killed a seven-headed hydra
  8860 | D:11     | Learned a level 4 spell: Throw Icicle
  8869 | D:11     | Learned a level 5 spell: Bolt of Magma
  8937 | D:11     | Reached ***** piety under Vehumet
  9228 | D:11     | Found a staircase to the Lair.
  9249 | D:11     | Offered knowledge of Poison Arrow by Vehumet.
  9604 | D:11     | Reached skill level 16 in Conjurations
  9629 | D:11     | Reached skill level 1 in Earth Magic
  9668 | D:11     | Found a staircase to the Orcish Mines.
  9774 | Orc:1    | Entered Level 1 of the Orcish Mines
  9837 | Orc:1    | Noticed Maurice
  9846 | Orc:1    | Killed Maurice
 10185 | Orc:3    | Found Omnociek's General Store.
 10202 | Orc:3    | Bought a scroll of summoning for 152 gold pieces
 10202 | Orc:3    | Bought a potion of heal wounds for 80 gold pieces
 10266 | Orc:3    | Noticed Harold
 10278 | Orc:3    | Killed Harold
 10287 | Orc:3    | Reached skill level 5 in Earth Magic
 10508 | Orc:3    | Found Zicwidej's Armour Shop.
 10578 | Orc:3    | Found Siak's Magic Scroll Shop.
 10644 | Orc:3    | Noticed an orc warlord
 10681 | Orc:3    | Offered knowledge of Irradiate by Vehumet.
 10699 | Orc:3    | Found Qivut's Jewellery Shop.
 10848 | Orc:2    | Found Epimixt's Weapon Shoppe.
 11336 | Orc:1    | Noticed Urug
 11447 | Orc:2    | Killed Urug
 11936 | Orc:3    | Slain by an orc warlord

Action                   |  1- 3 |  4- 6 |  7- 9 | 10-12 || total
-------------------------+-------+-------+-------+-------++-------
Melee: Dagger            |     1 |       |       |       ||     1
       Short sword       |     3 |    53 |    17 |   151 ||   224
       Whip              |       |       |    49 |    47 ||    96
       Staff             |       |       |       |     5 ||     5
 Cast: Magic Dart        |    41 |    31 |   131 |   435 ||   638
       Searing Ray       |     2 |    12 |    20 |     4 ||    38
       Iskenderun's Myst |       |     1 |     5 |    43 ||    49
       Iskenderun's Batt |       |       |    18 |    85 ||   103
       Bolt of Magma     |       |       |       |     3 ||     3
  Use: Potion            |       |     3 |       |    10 ||    13
       Scroll            |       |     3 |    11 |    13 ||    27
 Stab: Sleeping          |     4 |     2 |    10 |     7 ||    23
  Eat: Chunk             |       |     3 |    18 |    38 ||    59
       Beef jerky        |       |       |       |     1 ||     1
       Meat ration       |       |       |       |     1 ||     1
       Pizza             |       |       |       |     1 ||     1
